 Dungeon Crawl Stone Soup version 0.22-a0-374-g5dfd9e3 (webtiles) character file.

14 4thArraOfDagon the Magician (level 2, -2/19 HPs)
             Began as a Mummy Ice Elementalist on Apr 26, 2018.
             Slain by a hound (3 damage)
             ... on level 4 of the Dungeon.
             The game lasted 00:01:17 (269 turns).

4thArraOfDagon the Magician (Mummy Ice Elementalist) Turns: 269, Time: 00:01:18

Health: -2/19      AC:  3    Str: 11    XL:     2   Next: 27%
Magic:  0/6        EV: 12    Int: 14    God:
Gold:   12         SH:  0    Dex: 12    Spells: 6/7 levels left

rFire    x . .     SeeInvis .   (no weapon)
rCold    + . .     Gourm    .   (no shield)
rNeg     + + +     Faith    .   a - +1 robe
rPois    ∞         Spirit   .   (no helmet)
rElec    .         Reflect  .   (no cloak)
rCorr    .         Harm     .   (no gloves)
MR       .....                  (no boots)
Stlth    +.........             (no amulet)
HPRegen  0.06/turn              c - ring of loudness (curse)
MPRegen  0.10/turn              (no ring)

@: no status effects
A: no food or potions, fire vulnerability, cold resistance 1, negative energy
resistance 3, torment resistance, unbreathing
a: no special abilities


You were on level 4 of the Dungeon.
You were not hungry.

You visited 1 branch of the dungeon, and saw 4 of its levels.

You collected 12 gold pieces.

Inventory:

Armour
 a - a +1 robe (worn)
Jewellery
 c - a cursed ring of loudness (left hand)


   Skills:
 - Level 1.5 Dodging
 - Level 1.5 Stealth
 + Level 3.1 Spellcasting
   Level 0.7 Conjurations
 * Level 2.9 Ice Magic


You had 6 spell levels left.
You knew the following spells:

 Your Spells              Type           Power        Failure   Level  Hunger
a - Freeze                Ice            ##..         6%          1    N/A

Dungeon Overview and Level Annotations

Branches:
Dungeon (4/15)
 Temple: D:4-7

Altars:
Kikubaaqudgha
Qazlal
Yredelemnul

Annotations:
D:3 2 transporters, Menkaure


Innate Abilities, Weirdness & Mutations

You do not eat or drink.
Your flesh is vulnerable to fire.
You are immune to poison.
Your flesh is cold resistant. (rC+)
You are immune to negative energy. (rN+++)
You are immune to unholy pain and torment.
You can survive without breathing.


Message History

Unknown command.
You can't drink.
As you read the scroll labeled UZIMI CEFREICKIO, it crumbles to dust.
It is a scroll of enchant armour.
Your +0 robe glows green for a moment.
The hound misses you. The hound bites you.
* * * LOW HITPOINT WARNING * * *
Unknown command.
Unknown command.
Found 6 gold pieces.
Unknown command.
Casting: Freeze (safe; 6% risk of failure)
Confirm with . or Enter, or press ? or * to list all spells.
Aiming: Freeze (safe; 6% risk of failure)
Press: ? - help, Shift-Dir - straight line, f/p - hound
Aim: a hound (heavily wounded)
You freeze the hound.
The hound is severely wounded.
The hound bites you.
You die...

#####
####......
#.@......$ ..
#h####.### #..
#.# ... ..#
##Z# .Z.. ..#
#.r#..... #.#
#......_..
#.###..#......
#.....#......
#.<.#.# .....


You could see a hound, a quokka and a quokka skeleton.

Vanquished Creatures
  An ooze (D:2)
  A ball python (D:3)
  3 bats
  A goblin (D:3)
  A kobold (D:1)
  A frilled lizard (D:3)
8 creatures vanquished.

Notes
Turn   | Place    | Note
-------+----------+-------------------------------------------
     0 | D:1      | 4thArraOfDagon the Mummy Ice Elementalist began the quest for the Orb.
     0 | D:1      | Reached XP level 1. HP: 13/13 MP: 4/4
   133 | D:2      | Reached skill level 3 in Spellcasting
   160 | D:3      | Reached XP level 2. HP: 15/19 MP: 1/6
   173 | D:3      | Found an ancient bone altar of Kikubaaqudgha.
   175 | D:3      | Noticed Menkaure
   177 | D:3      | what
   177 | D:3      | Found a transporter.
   179 | D:3      | Found a transporter.
   204 | D:3      | Found a basalt altar of Yredelemnul.
   256 | D:4      | Found a stormy altar of Qazlal.
   269 | D:4      | Slain by a hound

Vault maps used:
D:1:      ldierk_water_garden, serial_forest, infiniplex_forest_lined_3,
          infiniplex_forest_straight_5, infiniplex_forest_lined_4_way,
          infiniplex_forest_lined_4_way, infiniplex_forest_end_2
D:3:      nicolae_overflow_crystal_walls, gammafunk_temple_of_torment,
          uniq_sigmund, uniq_terence
D:4:      ashenzari_conservatory_becter, bloody_trog, old_standard_altar,
          minmay_temple_entry_enclosed_plants, minmay_misc_feat_square,
          uniq_blork_the_orc, uniq_eustachio

Skill      XL: |  1 |
---------------+----+-----
Spellcasting   | 3 |  3.1
Dodging        | |  1.5
Stealth        | |  1.5
Conjurations   | |  0.7
Ice Magic      | |  2.9

Action                   || total
-------------------------++-------
Melee: Unarmed           ||     2
 Cast: Freeze            ||    18
  Use: Scroll            ||     1
Armor: Robe              ||     4
Dodge: Dodged            ||    12

Table legend:
 A = Spawn XP
 B = Non-spawn XP
 C = Spawn XP percentage of total XP
 D = Spawn monster count
 E = Non-spawn monster count
 F = Spawn count percentage of total count
 G = Total turns spent on level
                    A         B        C        D         E        F      G
               +---------+---------+-------+---------+---------+-------+---------
         Total |       0 |      20 |   0.0 |       0 |       8 |   0.0 |   269
               +---------+---------+-------+---------+---------+-------+---------
           D:1 |       0 |       4 |   0.0 |       0 |       2 |   0.0 |   113
           D:2 |       0 |       7 |   0.0 |       0 |       1 |   0.0 |    44
           D:3 |       0 |       9 |   0.0 |       0 |       5 |   0.0 |    97
               +---------+---------+-------+---------+---------+-------+---------
